 Dungeon Crawl Stone Soup version 0.19.4 (webtiles) character file.

905268 Peloso the Minotaur Barricade (level 27, -14/273 HPs)
             Began as a Minotaur Fighter on Feb 4, 2017.
             Was a High Priest of Okawaru.
             Blown up by Luc Rig the pandemonium lord (55 damage)
             ... with a bolt of energy
             ... on level 17 of a ziggurat on Feb 5, 2017.
             The game lasted 07:20:00 (101398 turns).

Peloso the Minotaur Barricade (Minotaur Fighter)  Turns: 101398, Time: 07:20:00

Health: -14/273    AC: 54    Str: 52    XL:     27
Magic:  36/36      EV: 20    Int: 11    God:    Okawaru [*****.]
Gold:   8946       SH: 38    Dex: 22    Spells: 0 memorised, 30 levels left

rFire  + + .     SeeInvis .     c - +9 double sword (flame)
rCold  + . .     Gourm    +     r - +9 gold dragon scales
rNeg   + . .     Faith    .     W - +5 large shield {AC+3}
rPois  +         Spirit   .     w - +0 hat "Ivachoss" {Str+4 Dex+4}
rElec  .         Reflect  .     i - +2 cloak of the Sun {Str+4 Int+6 Stlth+}
rCorr  .         Harm     .     B - +2 pair of gloves {Dex+3}
MR     +++..                    A - +2 pair of boots {Fly}
Stlth  ..........               g - amulet "Siranayn" {Gourm Str+4}
                                N - ring of Dissent {rPois rF+ rN+ Str+4 Slay+3}
                                R - ring of Atheism {MR+ AC+3 Str+2 Slay+3}

@: mighty, lethally poisoned (-14 -> -14), about to teleport, heroism, finesse,
flying, contaminated, hasted (expiring), glowing, drained, very quick
A: retaliatory headbutt, horns 2
a: Heroism, Finesse, Renounce Religion, Stop Flying
}: 5/15 runes: decaying, serpentine, slimy, silver, golden


You were on level 17 of a ziggurat.
You worshipped Okawaru.
Okawaru was extremely pleased with you.
You were not hungry.

You visited 17 branches of the dungeon, and saw 65 of its levels.
You visited 1 ziggurat, and saw 17 of its levels.
You also visited: Trove and Ice Cave.

You collected 11987 gold pieces.
You spent 3041 gold pieces at shops.

Inventory:

Hand Weapons
 c - a +9 double sword of flaming (weapon)
 j - a +9 double sword of protection
 U - the +7 long sword of the Morning {drain, rC- Int+2 SInv Stlth+}
   (Okawaru gifted it to you on level 4 of the Realm of Zot)

   A truly terrible weapon, it drains the life of those it strikes.
   It affects your intelligence (+2).
   It makes you vulnerable to cold.
   It lets you see invisible.
   It makes you more stealthy.
Armour
 i - the +2 cloak of the Sun (worn) {Str+4 Int+6 Stlth+}
   (You found it on level 2 of the Tomb of the Ancients)

   It affects your strength (+4).
   It affects your intelligence (+6).
   It makes you more stealthy.
 r - +9 gold dragon scales (worn)
 w - the +0 hat "Ivachoss" (worn) {Str+4 Dex+4}
   (You acquired it on level 1 of the Vaults)

   It affects your strength (+4).
   It affects your dexterity (+4).
 A - a +2 pair of boots of flying (worn)
 B - a +2 pair of gloves of dexterity (worn)
 E - a +2 cloak of magic resistance
 I - the -2 hat of the Alchemist {rElec rPois rF+ rC+ rN+ MR+ rMut rCorr}
   (You found it on level 9 of a ziggurat)

   It protects you from fire.
   It protects you from cold.
   It insulates you from electricity.
   It protects you from poison.
   It protects you from negative energy.
   It affects your resistance to hostile enchantments.
   It protects you from acid and corrosion.
   It protects you from mutation.
 L - the +8 crystal plate armour of Ydiam {Regen+}
   (You acquired it on level 4 of the Vaults)

   It increases your rate of regeneration.
 Q - a +1 shield of reflection
 V - a +2 pair of boots of running
 W - a +5 large shield of protection (worn)
Jewellery
 g - the amulet "Siranayn" (around neck) {Gourm Str+4}
   (You found it on level 12 of a ziggurat)

   [amulet of the gourmand]

   It allows you to eat raw meat even when not hungry.
   It affects your strength (+4).
 D - the amulet of Awohaxti {Faith Int+2}
   (You found it on level 12 of a ziggurat)

   [amulet of faith]

   It allows you to gain divine favour quickly.
   It affects your intelligence (+2).
 N - the ring of Dissent (right hand) {rPois rF+ rN+ Str+4 Slay+3}
   (You found it in a treasure trove)

   [ring of protection from fire]

   It affects your strength (+4).
   It affects your accuracy and damage with ranged weapons and melee attacks
   (+3).
   It protects you from fire.
   It protects you from poison.
   It protects you from negative energy.
 R - the ring of Atheism (left hand) {MR+ AC+3 Str+2 Slay+3}
   (You found it on level 12 of the Dungeon)

   [ring of protection]

   It affects your AC (+3).
   It affects your strength (+2).
   It affects your accuracy and damage with ranged weapons and melee attacks
   (+3).
   It affects your resistance to hostile enchantments.
Wands
 b - a wand of teleportation (5/9)
 p - a wand of digging (10/24)
 J - a wand of heal wounds (2/9)
 O - a wand of heal wounds (0/9)
 S - a wand of hasting (3/9)
 T - a wand of disintegration (7/24)
Scrolls
 e - 17 scrolls of recharging
 l - 9 scrolls of fog
 q - 12 scrolls of identify
 u - 22 scrolls of teleportation
 v - 16 scrolls of magic mapping
 y - 8 scrolls of fear
 G - 5 scrolls of blinking
 M - 46 scrolls of remove curse
 P - a scroll of silence
 Y - 5 scrolls of enchant weapon
Potions
 d - 11 potions of might
 k - a potion of cancellation
 m - 2 potions of cure mutation
 n - 3 potions of invisibility
 s - 9 potions of agility
 z - 5 potions of resistance
 C - 7 potions of heal wounds
 F - 13 potions of curing
 H - a potion of berserk rage
 K - 9 potions of haste
Comestibles
 f - 32 bread rations
 h - 21 meat rations
 t - 3 royal jellies


   Skills:
 O Level 27(26.6) Fighting
 O Level 27(26.6) Long Blades
   Level 3.4(8.2) Axes
 + Level 3.1(7.9) Throwing
 O Level 27(26.6) Armour
 + Level 8.2(12.9) Dodging
 + Level 10.8(15.5) Stealth
 O Level 27(26.6) Shields
 + Level 13.3(18.0) Unarmed Combat
 + Level 2.1(1.9) Spellcasting
 + Level 21.4(21.1) Invocations
 + Level 21.7(21.4) Evocations


You had 30 spell levels left.
You didn't know any spells.

Dungeon Overview and Level Annotations

Branches:
Dungeon (15/15)            Temple (1/1) D:6            Lair (6/6) D:11
  Swamp (4/4) Lair:2        Snake (4/4) Lair:4        Slime (5/5) Lair:5
    Orc (2/2) D:11            Elf (3/3) Orc:2        Vaults (5/5) D:13
  Crypt (3/3) Vaults:3       Tomb (3/3) Crypt:3      Depths (5/5) D:15
   Hell (1/1)                 Dis (1/7) Hell            Geh (0/7) Hell
    Coc (1/7) Hell            Tar (1/7) Hell            Zot (5/5) Depths:5

Altars:
Ashenzari
Cheibriados
Dithmenos
Elyvilon
Fedhas
Gozag
Hepliaklqana
Kikubaaqudgha
Makhleb
Nemelex Xobeh
Okawaru
Qazlal
Ru
Trog
Uskayaw
Vehumet
Xom
Yredelemnul
Zin
The Shining One
Beogh
Jiyva

Shops:
D:9 ?   Orc:2 *[(:   Elf:2 [   Snake:2 =}}   Vaults:1 }!?*?   Depths:1 *
Depths:4 %

Portals:
Hell: Depths:1 Depths:2 Depths:3 Depths:4 Depths:5
Abyss: Depths:4
Pandemonium: Depths:1 Depths:2 Depths:3 Depths:4
Ziggurat: Depths:2


Innate Abilities, Weirdness & Mutations

You reflexively headbutt those who attack you in melee.
You have a pair of horns on your head.


Message History

Evoke which item? (* to show all) (? for menu, Esc to quit)
Zapping:
J - a wand of heal wounds (4/9)
Press: ? - help, Shift-Dir - straight line, f - you You feel much better.
This wand has 3 charges left.
The Tzitzimitl calls on the powers of darkness!
Your body is wracked with pain!
* * * LOW HITPOINT WARNING * * *
You block the reaper's attack.
You block the torturous demonspawn's attack.
You block the infernal corrupter's attack.
Luc Rig misses you.
Evoke which item? (* to show all) (? for menu, Esc to quit)
Zapping:
J - a wand of heal wounds (3/9)
Press: ? - help, Shift-Dir - straight line, f - you You feel much better.
This wand has 2 charges left.
You feel sick.
You block the infernal warmonger's attack.
The monstrous corrupter rages.
Luc Rig gestures at you. The bolt of energy hits you!
You die...

▓▓▓▓▓▓▓▓▓▓▓▓▓
▓.2.........▓
▓b6bbb......▓
▓@&66.b.....▓
▓▓▓▓▓▓▓▓▓▓661.3......▓▓
▓......6626226b.bb.....
▓.......322414b..6..2..
▓.....62161X6#.b)#...
▓..§4.44324..........44
▓..[......4......b1..1.
▓∩...................2.
▓.................2..2.


You could see Luc Rig, a Hell Sentinel, 2 Tzitzimimeh, a monstrous demonspawn,
an Ice Fiend, 2 cacodemons, 2 demonspawn, a reaper, a balrug, 2 green deaths, 2
demonspawn, a blizzard demon, 3 demonspawn, a sun demon, a shadow demon, 2
demonspawn, an orange demon, a large abomination, a hellwing, an ice devil, a
rust devil, a sixfirhy, a ynoxinul and 2 red devils.

Vanquished Creatures
  the Royal Jelly (Slime:5)
  A pandemonium lord (Zig:13)
  3 orbs of fire (Zot:5)
  Khufu (Crypt:2)
  Mennas (Vaults:3)
  7 ancient liches
  4 juggernauts
  The ghost of Mobo the Metallomancer, a legendary GrEE of Vehumet (Zig:11)
  Mara (Vaults:3)
  32 greater mummies
  the Lernaean hydra (Swamp:4)
  Sojobo (Depths:2)
  2 shard shrikes (Coc:1)
  Xtahua (Vaults:3)
  The ghost of toffzen the Conqueror, a legendary GrGl of Trog (Zot:5)
  4 Killer Klowns
  Bai Suzhen (Vaults:4)
  Saint Roka (Elf:3)
  4 curse toes
  A caustic shrike (shapeshifter) (Zig:10)
  Geryon (Hell)
  8 golden dragons
  The ghost of Kloppie the Peltast, an adept MiFi of Elyvilon (Vaults:5)
  2 bone dragons
  4 Tzitzimimeh
  4 electric golems
  The ghost of Steam the Eclecticist, an adept GrEE of Vehumet (Swamp:3)
  Rupert (Lair:2)
  A Brimstone Fiend (Coc:1)
  2 hellephants (Hell)
  12 liches
  3 Ice Fiends (Zig:13)
  15 tentacled monstrosities
  25 Orb Guardians (Zot:5)
  3 deep elf blademasters
  2 deep elf master archers (Elf:3)
  5 quicksilver dragons
  Asterion (Elf:3)
  28 acid blobs
  The ghost of Kloppie the Impregnable, an adept MiFi of Ru (Elf:3)
  12 sphinxes
  4 titans
  Kirke (Lair:4)
  9 death cobs
  10 ancient champions
  4 Executioners
  A thorn hunter (Swamp:1)
  11 tengu reavers
  A warmonger (Zig:13)
  12 storm dragons
  5 draconian monks
  7 shadow dragons
  7 revenants
  15 azure jellies
  Donald (Elf:3)
  12 nagarajas
  A blood saint (Zig:17)
  10 frost giants
  8 fire giants
  An iron dragon (Vaults:5)
  A ghost moth (shapeshifter) (Vaults:5)
  11 draconian knights
  3 deep elf sorcerers
  2 curse skulls
  Aizul (Depths:1)
  A balrug (Depths:5)
  12 ghost moths
  11 draconian scorchers
  7 draconian zealots
  2 cacodemons (Zig:13)
  18 vault wardens
  6 orc warlords
  3 ghouls
  6 draconian callers
  3 deep elf elementalists
  7 draconian annihilators
  20 ironheart preservers
  8 draconian shifters
  The ghost of humperndinck the Martial Artist, a journeyman DgTm (Swamp:2)
  An elemental wellspring (Coc:1)
  7 war gargoyles
  4 very ugly things
  7 reapers
  A spriggan defender (Depths:5)
  14 bennus
  11 entropy weavers
  A black sun (Zig:13)
  15 vampire knights
  23 yellow draconians
  A juggernaut skeleton (Depths:3)
  23 stone giants
  16 black draconians
  4 spark wasps
  15 white draconians
  17 mottled draconians
  14 green draconians
  The ghost of luab the Slicer, a journeyman TrBe of Trog (Lair:4)
  Azrael (D:15)
  11 deep elf demonologists
  3 lorocyprocas
  A dire elephant (Lair:6)
  5 deep elf annihilators (Elf:3)
  17 purple draconians
  11 red draconians
  15 deep elf death magi
  7 blizzard demons
  A minotaur (shapeshifter) (Zig:12)
  8 green deaths
  A crystal guardian (Zig:12)
  4 eidola
  6 fire dragons
  2 quicksilver dragon zombies
  15 ettins
  13 jiangshi
  24 mummy priests
  11 death oozes
  A kraken zombie (Coc:1)
  8 deep elf high priests
  Josephine (D:10)
  12 great orbs of eyes
  A merfolk impaler (Depths:4)
  12 yaktaur captains
  Harold (D:11)
  4 rakshasas
  40 vault guards
  A quicksilver dragon skeleton (Depths:3)
  A monstrous demonspawn (Depths:4)
  9 ice dragons
  25 hydras
  5 spriggan air magi
  A large abomination (Vaults:4)
  7 anacondas
  The ghost of Sarmenti the Severer, a journeyman FoFi of Okawaru (D:10)
  24 ogre magi
  A ghost crab (Zig:7)
  8 centaur warriors
  An alligator snapping turtle (Zig:17)
  22 naga warriors
  7 deep troll shamans
  30 dancing weapons
  A merfolk avatar (Lair:6)
  5 death knights
  8 alligators
  3 deep troll earth magi
  124 death scarabs
  17 vampire magi
  3 tengu warriors
  10 hell hogs
  A queen ant (Lair:6)
  The ghost of Jovan the Slicer, a novice HuWn of Okawaru (D:8)
  Urug (Lair:3)
  3 spriggan berserkers
  15 naga sharpshooters
  11 orc high priests
  A titan zombie (Depths:3)
  Sonja (D:11)
  5 sun demons
  2 iron golems (Depths:1)
  3 soul eaters
  6 shock serpents
  2 storm dragon zombies (Crypt:3)
  22 hell knights
  31 deep elf knights
  2 fire crabs (shapeshifter) (Vaults:1)
  3 shadow wraiths
  2 unseen horrors (Vaults:1)
  3 salamander mystics
  45 skeletal warriors
  A deep troll (shapeshifter) (Zig:12)
  5 anaconda zombies
  A death drake (shapeshifter) (Depths:3)
  7 spriggan druids
  4 golden dragon zombies
  A death drake (Zig:15)
  8 flayed ghosts
  30 deep elf archers
  A glowing orange brain (shapeshifter) (Vaults:2)
  4 sea snakes (Snake:3)
  6 shambling mangroves
  An iron troll (Zig:16)
  7 glowing orange brains
  A harpy (Lair:6)
  15 deep trolls
  A shadow dragon zombie (Crypt:1)
  A swamp dragon (shapeshifter) (Vaults:5)
  An anaconda skeleton (Coc:1)
  9 wizards
  17 orc knights
  Pikel (D:7)
  10 necromancers
  21 swamp dragons
  8 naga ritualists
  5 hill giants
  18 phantasmal warriors
  14 ironbrand convokers
  2 wolf spider zombies
  8 mana vipers
  2 iron dragon zombies
  2 hill giants (shapeshifter)
  A harpy (shapeshifter) (Depths:4)
  4 orb spiders
  6 orc sorcerers
  14 salamanders
  8 wolf spiders
  2 stone giant zombies (Crypt:3)
  11 cyclopes
  101 deep elf magi
  A sphinx skeleton (Crypt:3)
  109 slime creatures
  4 manticores
  A shining eye (shapeshifter) (Zig:12)
  6 shining eyes
  A dire elephant zombie (Coc:1)
  32 ugly things
  Joseph (D:7)
  29 moths of wrath
  6 fire giant zombies
  2 frost giant zombies (Coc:1)
  3 stone giant skeletons
  5 elephants (Lair:6)
  28 black mambas
  10 rust devils
  A smoke demon (Hell)
  A fire giant skeleton (Crypt:1)
  8 guardian serpents
  21 vault sentinels
  10 eyes of devastation
  2 ice statues (IceCv)
  32 naga magi
  A black mamba (shapeshifter) (Vaults:5)
  2 gargoyles
  23 spiny frogs
  3 guardian serpents (shapeshifter)
  2 torpor snails
  A spectral iron troll (Crypt:2)
  8 rime drakes
  A torpor snail (shapeshifter) (Zig:10)
  2 dire elephant skeletons
  2 hellions
  An emperor scorpion zombie (Coc:1)
  2 black draconian zombies
  9 komodo dragons
  2 demonic crawlers
  An anaconda simulacrum (Hell)
  3 tormentors
  21 freezing wraiths
  A hellwing (Depths:4)
  4 ice devils
  2 spectral deep trolls (Crypt:2)
  2 harpy zombies
  A komodo dragon (shapeshifter) (Elf:1)
  3 hydra zombies (Coc:1)
  72 yaktaurs
  40 guardian mummies
  A jumping spider (shapeshifter) (Vaults:3)
  A pale draconian skeleton (Crypt:3)
  18 polar bears
  13 trolls
  5 jumping spiders
  A red devil (Hell)
  2 merfolk (shapeshifter)
  30 two-headed ogres
  9 wind drakes
  3 meliai (D:14)
  26 hornets
  A shadow dragon simulacrum (Depths:3)
  8 bog bodies
  2 hydra skeletons
  A two-headed ogre (shapeshifter) (Vaults:5)
  6 dream sheep
  A harpy skeleton (Crypt:1)
  A raiju (shapeshifter) (Depths:2)
  11 tyrant leeches
  6 hippogriffs
  18 blink frogs
  A stone giant simulacrum (Coc:1)
  A hippogriff (shapeshifter) (Zig:12)
  2 fire dragon zombies
  A frost giant simulacrum (Zig:4)
  A snapping turtle (shapeshifter) (Vaults:3)
  3 alligator skeletons
  A redback (shapeshifter) (Vaults:2)
  13 water elementals
  7 spriggans
  A yak (shapeshifter) (Vaults:3)
  3 tarantellas
  26 flying skulls
  27 vampires
  A ynoxinul (Depths:4)
  8 redbacks
  2 ettin skeletons
  44 yaks
  16 air elementals
  7 shadows
  2 hogs (Lair:4)
  A fire bat (shapeshifter) (Vaults:3)
  17 wraiths
  A black mamba skeleton (Tomb:3)
  15 ushabtiu
  3 wyverns
  13 golden eyes
  10 fire elementals
  2 hungry ghosts
  A golden eye (shapeshifter) (Depths:2)
  14 vampire mosquitoes
  A wind drake skeleton (Crypt:1)
  2 basilisks
  15 wargs
  A neqoxec (Depths:4)
  4 mottled dragons
  65 nagas
  A deep troll zombie (Crypt:2)
  21 insubstantial wisps
  7 soldier ants
  A hydra simulacrum (Coc:1)
  4 spiny frog zombies (Coc:1)
  A water nymph zombie (Crypt:1)
  A gelid demonspawn zombie (Crypt:3)
  13 water moccasins
  2 human skeletons (Depths:3)
  14 hell hounds
  A glowing shapeshifter zombie (Crypt:1)
  14 swamp worms
  Duvessa (D:7)
  8 porcupines
  4 floating eyes
  64 orc warriors
  A lindwurm zombie (Crypt:3)
  16 swamp drakes
  A black bear (D:8)
  6 phantoms
  5 sky beasts
  3 spiny frog skeletons
  9 eyes of draining
  A manticore zombie (Crypt:2)
  12 ice beasts
  19 wolves
  2 necrophages
  4 boggarts
  79 ogres
  12 centaurs
  A manticore skeleton (Coc:1)
  A crocodile (shapeshifter) (Vaults:1)
  12 crocodiles
  2 snapping turtle skeletons
  A komodo dragon zombie (Crypt:3)
  9 big kobolds
  Blork the orc (D:4)
  26 bullfrogs
  A big kobold (shapeshifter) (Vaults:3)
  A draconian zombie (Crypt:1)
  A gnoll sergeant (D:11)
  A yaktaur skeleton (Crypt:3)
  A draconian skeleton (Crypt:3)
  8 earth elementals
  Dowan (D:7)
  A komodo dragon skeleton (Crypt:3)
  6 scorpions
  A wyvern skeleton (D:12)
  10 killer bees
  2 troll skeletons
  16 wights
  7 howler monkeys
  A wolf zombie (Crypt:1)
  2 electric eels
  13 crimson imps
  2 centaur zombies
  2 human simulacra
  4 quasits
  A gnoll shaman (D:5)
  16 orc priests
  2 bullfrog zombies
  A bullfrog skeleton (D:4)
  4 hounds
  2 jellies
  28 orc wizards
  4 centaur skeletons
  An iron imp (Depths:4)
  A demonspawn skeleton (Crypt:1)
  A two-headed ogre skeleton (Crypt:2)
  6 iguanas
  A lightning spire (Zig:7)
  21 worker ants
  A killer bee zombie (D:7)
  A mottled dragon zombie (Crypt:3)
  A deep dwarf skeleton (Crypt:3)
  A naga skeleton (Crypt:2)
  A hound zombie (D:7)
  A hound skeleton (D:11)
  52 mummies
  A worker ant zombie (D:8)
  14 gnolls
  A howler monkey skeleton (D:4)
  8 adders
  3 shadow imps
  4 white imps
  2 ufetubi (Depths:4)
  3 oozes
  An adder skeleton (D:5)
  3 worms
  A dart slug (D:1)
  7 leopard geckos
  119 orcs
  3 ball pythons
  5 bats
  10 giant cockroaches
  8 goblins
  9 hobgoblins
  3 jackals (D:2)
  10 quokkas
  12 frilled lizards
  A frilled lizard zombie (Crypt:2)
  2 jackal skeletons
  16 kobolds
  A leopard gecko skeleton (D:4)
  15 rats
  A river rat skeleton (Crypt:2)
  2 briar patches (Swamp:1)
  4 bushes (Depths:1)
  3 crawling corpses
  6 fungi (Orc:2)
  4 plants
  2 tentacles (Coc:1)
3598 creatures vanquished.

Vanquished Creatures (others)
  A ghost moth (Zot:5)
  A green draconian (Zot:4)
  3 yaktaur captains
  17 death scarabs
  A spriggan berserker (Depths:5)
  A spriggan druid (Zig:7)
  A fire giant zombie (Tomb:2)
  4 yaktaurs
  2 guardian mummies (Tomb:2)
  A wind drake (D:12)
  A hornet (Zig:7)
  A spriggan (Zig:7)
  A slave (D:9)
  A swamp drake (Zig:1)
  2 ogres
  A bullfrog (Lair:4)
  4 mummies (Tomb:2)
  An adder (D:9)
  17 ball lightnings (D:12)
  An orc (Vaults:4)
  A bush (Depths:1)
  12 fungi
  29 plants
  3 tentacles (Coc:1)
107 creatures vanquished.

Grand Total: 3705 creatures vanquished

Notes
Turn   | Place    | Note
-------+----------+-------------------------------------------
     0 | D:1      | Peloso the Minotaur Fighter began the quest for the Orb.
     0 | D:1      | Reached XP level 1. HP: 19/19 MP: 0/0
   118 | D:1      | Reached XP level 2. HP: 26/27 MP: 1/1
   564 | D:1      | Reached XP level 3. HP: 29/33 MP: 2/2
  1303 | D:2      | Reached XP level 4. HP: 40/41 MP: 3/3
  2160 | D:3      | Reached XP level 5. HP: 33/47 MP: 4/4
  2653 | D:4      | Reached skill level 5 in Armour
  2829 | D:4      | Reached skill level 1 in Dodging
  2981 | D:4      | Reached skill level 5 in Shields
  2981 | D:4      | Reached XP level 6. HP: 50/53 MP: 5/5
  3121 | D:4      | Noticed Blork the orc
  3132 | D:4      | Killed Blork the orc
  3185 | D:4      | Reached skill level 5 in Long Blades
  3237 | D:5      | Entered Level 5 of the Dungeon
  3309 | D:5      | Found a glowing golden altar of the Shining One.
  3314 | D:5      | Noticed a sky beast
  3325 | D:5      | Killed a sky beast
  3325 | D:5      | Reached XP level 7. HP: 50/60 MP: 6/6
  3379 | D:5      | Reached skill level 5 in Fighting
  3409 | D:5      | HP: 1/61 [something (12)]
  4104 | D:6      | Found a staircase to the Ecumenical Temple.
  4112 | D:5      | Reached XP level 8. HP: 14/68 MP: 7/7
  4388 | Temple   | Entered the Ecumenical Temple
  4525 | Temple   | Became a worshipper of Warmaster Okawaru
  5312 | D:6      | Found a shimmering altar of Xom.
  5313 | D:6      | Found a burning altar of Makhleb.
  5387 | D:6      | Reached * piety under Okawaru
  5664 | D:6      | Found a runed door.
  5919 | D:6      | Reached XP level 9. HP: 41/75 MP: 6/8
  6098 | D:6      | Found a roughly hewn altar of Beogh.
  6172 | D:7      | Noticed Dowan
  6174 | D:7      | Noticed Duvessa
  6184 | D:7      | Killed Duvessa
  6188 | D:7      | Killed Dowan
  6230 | D:7      | Noticed Pikel
  6260 | D:7      | Killed Pikel
  6260 | D:7      | Reached ** piety under Okawaru
  6292 | D:7      | Noticed Joseph
  6315 | D:7      | Killed Joseph
  6315 | D:7      | Reached *** piety under Okawaru
  6315 | D:7      | Reached skill level 10 in Long Blades
  6941 | D:8      | Reached **** piety under Okawaru
  7116 | D:8      | Reached XP level 10. HP: 86/86 MP: 9/9
  7328 | D:8      | Reached ***** piety under Okawaru
  7471 | D:8      | Noticed Jovan's ghost (novice HuWn)
  7533 | D:8      | Killed Jovan's ghost
  7533 | D:8      | Reached skill level 10 in Shields
  7934 | D:8      | Noticed a three-headed hydra
  7952 | D:8      | Killed a one-headed hydra
  7952 | D:8      | Received a gift from Okawaru
  9225 | D:9      | Received a gift from Okawaru
  9230 | D:9      | Found Xuk Yvvye's Magic Scroll Shoppe.
  9238 | D:9      | Bought a scroll of identify for 28 gold pieces
  9278 | D:9      | Reached skill level 1 in Invocations
  9290 | D:9      | Reached XP level 11. HP: 44/95 MP: 10/10
  9924 | D:10     | Entered Level 10 of the Dungeon
  9958 | D:10     | Reached skill level 10 in Armour
 10022 | D:10     | Noticed a hill giant
 10034 | D:10     | Killed a hill giant
 10075 | D:10     | Received a gift from Okawaru
 10247 | D:10     | Noticed Sarmenti's ghost (journeyman FoFi)
 10333 | D:10     | Killed Sarmenti's ghost
 10446 | D:10     | Noticed a hill giant
 10456 | D:10     | Killed a hill giant
 10467 | D:10     | Noticed a hill giant
 10476 | D:10     | Killed a hill giant
 11103 | D:11     | Noticed Josephine
 11113 | D:10     | Killed Josephine
 11548 | D:11     | Noticed Harold
 11558 | D:11     | Killed Harold
 11558 | D:11     | Reached skill level 10 in Fighting
 11854 | D:11     | Noticed Sonja
 11864 | D:11     | Received a gift from Okawaru
 11867 | D:11     | Killed Sonja
 11867 | D:11     | Reached XP level 12. HP: 90/106 MP: 11/11
 11897 | D:11     | Got a warped cloak {god gift}
 11898 | D:11     | Found a staircase to the Lair.
 11909 | D:11     | Identified the +0 cloak of Onoppoad {+Inv Dex+2} (Okawaru gifted it to you on level 11 of the Dungeon)
 12289 | D:11     | Found a staircase to the Orcish Mines.
 12873 | D:12     | Noticed a centaur warrior
 12887 | D:12     | Killed a centaur warrior
 12887 | D:12     | Reached ****** piety under Okawaru
 13006 | D:12     | Got a coiled platinum ring
 13008 | D:12     | Identified the ring of Atheism {MR+ AC+3 Str+2 Slay+3} (You found it on level 12 of the Dungeon)
 13277 | D:12     | Noticed a seven-headed hydra
 13285 | D:12     | Killed a three-headed hydra
 13335 | Lair:1   | Entered Level 1 of the Lair of Beasts
 13477 | Lair:1   | Noticed a six-headed hydra
 13487 | Lair:1   | Killed a two-headed hydra
 13487 | Lair:1   | Received a gift from Okawaru
 13487 | Lair:1   | Reached skill level 1 in Axes
 13524 | Lair:1   | Noticed a five-headed hydra
 13535 | Lair:1   | Killed a one-headed hydra
 13600 | Lair:1   | Noticed a six-headed hydra
 13609 | Lair:1   | Killed a one-headed hydra
 14411 | Lair:2   | Found a staircase to the Swamp.
 14482 | Lair:2   | Reached XP level 13. HP: 115/116 MP: 13/13
 14989 | Lair:3   | Noticed Urug
 14995 | Lair:3   | Noticed Rupert
 15409 | Lair:2   | Killed Rupert
 15787 | Lair:3   | Killed Urug
 15787 | Lair:3   | Received a gift from Okawaru
 16490 | Lair:4   | Found a frozen archway.
 16500 | IceCv    | Entered an ice cave
 16623 | IceCv    | HP: 4/117 [polar bear (21)]
 17051 | IceCv    | Gained mutation: Your flesh is cold resistant. (rC+) [potion of beneficial mutation]
 17113 | IceCv    | Reached skill level 15 in Shields
 17422 | IceCv    | Noticed a frost giant
 17456 | IceCv    | Killed a frost giant
 17619 | Lair:4   | Noticed luab's ghost (journeyman TrBe)
 17644 | Lair:4   | Killed luab's ghost
 17644 | Lair:4   | Received a gift from Okawaru
 17644 | Lair:4   | Reached skill level 15 in Long Blades
 17650 | Lair:4   | Noticed Kirke
 18005 | Lair:4   | Killed Kirke
 18686 | Lair:4   | Found a staircase to the Snake Pit.
 18876 | Lair:5   | Found a viscous altar of Jiyva.
 18879 | Lair:5   | Found a staircase to the Slime Pits.
 18891 | Lair:5   | Reached XP level 14. HP: 121/126 MP: 14/14
 19238 | Lair:5   | Received a gift from Okawaru
 19533 | Lair:6   | Entered Level 6 of the Lair of Beasts
 19789 | Lair:6   | Noticed an entropy weaver
 19795 | Lair:6   | Noticed an entropy weaver
 19798 | Lair:6   | Killed an entropy weaver
 19807 | Lair:6   | Killed an entropy weaver
 20096 | Lair:6   | Received a gift from Okawaru
 20116 | Lair:6   | Got an ancient broad axe {god gift}
 20297 | Lair:6   | Paralysed by a hornet for 2 turns
 20689 | Lair:6   | Reached skill level 5 in Dodging
 20846 | Lair:6   | Received a gift from Okawaru
 21203 | Lair:1   | Identified the +3 broad axe "Karigham" {venom, rF+} (Okawaru gifted it to you on level 6 of the Lair of Beasts)
 22218 | D:13     | Reached XP level 15. HP: 136/136 MP: 15/15
 22233 | D:13     | Found a gate to the Vaults.
 22694 | D:12     | Received a gift from Okawaru
 23372 | D:14     | Received a gift from Okawaru
 24012 | Orc:1    | Entered Level 1 of the Orcish Mines
 24485 | Orc:2    | Entered Level 2 of the Orcish Mines
 24497 | Orc:2    | Noticed an orc warlord
 25001 | Orc:1    | Killed an orc warlord
 25001 | Orc:1    | Received a gift from Okawaru
 25423 | Orc:2    | Found Ahakahe's Antique Weapon Boutique.
 25492 | Orc:2    | Found Plog's Book Shoppe.
 25657 | Orc:2    | Found Xicul's Antique Armour Shoppe.
 25668 | Orc:2    | Bought a pair of runed boots for 399 gold pieces
 25675 | Orc:2    | Bought a runed cloak for 399 gold pieces
 25708 | Orc:2    | Found a staircase to the Elven Halls.
 25716 | Orc:2    | Found Vovug's General Store.
 25864 | Orc:2    | Found a roughly hewn altar of Beogh.
 26147 | D:15     | Entered Level 15 of the Dungeon
 26372 | D:15     | Noticed Azrael
 26386 | D:15     | Killed Azrael
 26574 | D:15     | Reached XP level 16. HP: 143/147 MP: 16/16
 26689 | D:15     | Found a staircase to the Depths.
 26741 | D:15     | Received a gift from Okawaru
 26744 | D:15     | Got a bronze plate armour {god gift}
 26757 | D:15     | Identified the +1 plate armour of Midnight {Str+2 Dex+2} (Okawaru gifted it to you on level 15 of the Dungeon)
 27006 | D:15     | Found a portal to a secret trove of treasure.
 27343 | Swamp:1  | Entered Level 1 of the Swamp
 27499 | Lair:1   | Gained mutation: You are surrounded by a mild repulsion field. (EV +2) [potion of beneficial mutation]
 28032 | Elf:1    | Entered Level 1 of the Elven Halls
 28149 | Elf:1    | Reached skill level 15 in Armour
 28795 | Elf:1    | Reached skill level 15 in Fighting
 29078 | Elf:1    | Received a gift from Okawaru
 29415 | Elf:2    | Found Mieckah's Antique Armour Emporium.
 30044 | Elf:2    | Found a huge runed gate.
 30044 | Elf:2    | Found a huge runed gate.
 30044 | Elf:2    | Found a huge runed gate.
 30044 | Elf:2    | Found a huge runed gate.
 30050 | Elf:2    | Received a gift from Okawaru
 30051 | Elf:2    | Found a huge runed gate.
 30340 | Elf:2    | Noticed a deep elf blademaster
 30358 | Elf:2    | Killed a deep elf blademaster
 30358 | Elf:2    | Reached skill level 1 in Stealth
 30451 | Elf:2    | Reached XP level 17. HP: 125/157 MP: 17/17
 31304 | Elf:2    | Received a gift from Okawaru
 31392 | Elf:3    | Entered Level 3 of the Elven Halls
 31727 | Elf:3    | Noticed Saint Roka
 32287 | Elf:3    | Killed Saint Roka
 32707 | Elf:3    | Noticed Asterion
 32722 | Elf:3    | Killed Asterion
 33393 | Elf:3    | Received a gift from Okawaru
 33759 | Elf:3    | Noticed Kloppie's ghost (adept MiFi)
 34029 | Elf:3    | Killed Kloppie's ghost
 34289 | Elf:3    | Noticed a Tzitzimitl
 34932 | Elf:3    | Noticed an Ice Fiend
 34946 | Elf:3    | Noticed an Ice Fiend
 35256 | Elf:3    | Noticed Donald
 35271 | Elf:3    | Killed Donald
 35512 | Elf:3    | Received a gift from Okawaru
 35519 | Elf:3    | Reached XP level 18. HP: 157/168 MP: 18/18
 35721 | Elf:3    | Got a ring of the Octopus King
 35786 | Elf:3    | Noticed an Ice Fiend
 36288 | Elf:3    | Noticed a Hell Sentinel
 36665 | Elf:3    | Noticed a Tzitzimitl
 36722 | Elf:3    | Received a gift from Okawaru
 36807 | Elf:3    | Identified a ring of the Octopus King {rC+ AC+1 EV+1 Str+1 Int+1 Dex+1} (You took it off a deep elf death mage on level 3 of the Elven Halls)
 36877 | Elf:3    | Got a brightly glowing glaive
 36879 | Elf:3    | Identified Zuhad's Collected Works on Damage Dealing and Intoxication
 37004 | Elf:3    | Got a twisted scythe {slice}
 37017 | Elf:3    | Got a steaming trident {pierce}
 37247 | Lair:1   | Identified the +8 glaive "Rysorch" {holy, rPois rN+ MR+ Dex+8} (You found it on level 3 of the Elven Halls)
 37250 | Lair:1   | Identified the +9 trident of Neurosis {pierce, Str+4 Dex+2} (You took it off a deep elf death mage on level 3 of the Elven Halls)
 37252 | Lair:1   | Identified the cursed +0 scythe "Plog" {slice, Str+6} (You took it off a deep elf death mage on level 3 of the Elven Halls)
 37383 | Snake:1  | Entered Level 1 of the Snake Pit
 37495 | Snake:1  | Found a burning altar of Makhleb.
 38364 | Snake:1  | Received a gift from Okawaru
 39653 | Snake:2  | Found Ubli's Gadget Boutique.
 39654 | Snake:2  | Found Harasuit's Jewellery Emporium.
 39655 | Snake:2  | Found Paluhyu's Gadget Boutique.
 39666 | Snake:2  | Bought a wand of digging (12/24) for 384 gold pieces
 39709 | Snake:2  | Received a gift from Okawaru
 40501 | Snake:3  | Received a gift from Okawaru
 40512 | Snake:3  | Reached XP level 19. HP: 169/177 MP: 20/20
 40517 | Snake:3  | Got a pitted falchion {god gift}
 40518 | Snake:3  | Identified the +6 falchion "Tadestry" {chaos, +Inv rN+++ Dex-5 SInv} (Okawaru gifted it to you on level 3 of the Snake Pit)
 41183 | Snake:3  | Received a gift from Okawaru
 41420 | Snake:3  | Received a gift from Okawaru
 42562 | Swamp:2  | Noticed humperndinck's ghost (journeyman DgTm)
 42575 | Swamp:2  | Killed humperndinck's ghost
 42806 | Swamp:2  | Received a gift from Okawaru
 43404 | Swamp:3  | Noticed Steam's ghost (adept GrEE)
 43428 | Swamp:3  | Killed Steam's ghost
 44110 | Swamp:4  | Entered Level 4 of the Swamp
 44223 | Swamp:4  | Noticed the 27-headed Lernaean hydra
 44455 | Swamp:4  | Killed the 27-headed Lernaean hydra
 44892 | Swamp:4  | Reached XP level 20. HP: 186/189 MP: 21/21
 45227 | Swamp:4  | Got a decaying rune of Zot
 45451 | Snake:4  | Entered Level 4 of the Snake Pit
 45584 | Snake:4  | Received a gift from Okawaru
 47126 | Snake:4  | Received a gift from Okawaru
 47398 | Snake:4  | Got a serpentine rune of Zot
 47718 | Vaults:1 | Entered Level 1 of the Vaults
 47718 | Vaults:1 | Found Faemotoh's Magic Scroll Emporium.
 47722 | Vaults:1 | Bought a scroll of blinking for 90 gold pieces
 47722 | Vaults:1 | Bought a scroll of enchant weapon for 90 gold pieces
 47722 | Vaults:1 | Bought a scroll of teleportation for 36 gold pieces
 48279 | Vaults:1 | Found Teiss's Distillery.
 48749 | Vaults:1 | Found Gusibod's Magic Scroll Boutique.
 48789 | Vaults:1 | Received a gift from Okawaru
 48832 | Vaults:1 | Bought a scroll of acquirement for 988 gold pieces
 48840 | Vaults:1 | Got an ancient hat
 48851 | Vaults:1 | Identified the +0 hat "Ivachoss" {Str+4 Dex+4} (You acquired it on level 1 of the Vaults)
 48852 | Vaults:1 | Got a heavily runed chain mail
 48863 | Vaults:1 | Identified the +10 chain mail of the Big Bang {rPois rN+ Regen+} (You acquired it on level 1 of the Vaults)
 48900 | Vaults:1 | Found Tejapn's General Store.
 48908 | Vaults:1 | Bought a scroll of enchant armour for 97 gold pieces
 48908 | Vaults:1 | Bought a scroll of enchant armour for 97 gold pieces
 49082 | Vaults:1 | Found Lurea's Gadget Shop.
 49602 | Vaults:2 | Reached XP level 21. HP: 186/199 MP: 22/22
 50731 | D:15     | You paid a toll of +3 ice dragon scales to enter a treasure trove
 50732 | Trove    | Entered a treasure trove
 50846 | Trove    | Got a scorched platinum ring
 50848 | Trove    | Got a twitching brass ring
 50852 | Trove    | Got a sparkling lead amulet
 50865 | Trove    | Got a fine marble ring
 50875 | Trove    | Got a jewelled hat
 50879 | Trove    | Got a spiked ring mail
 50906 | D:15     | Identified the amulet of the Dropbear {Gourm rF+ Str-2 Int+4} (You found it in a treasure trove)
 50919 | D:15     | Identified the +3 hat of Kam Zyfuedwu {*Contam *Slow rN+++ Dex+2} (You found it in a treasure trove)
 50933 | D:15     | Identified the +1 ring mail of the Hot Ocelot {rF++} (You found it in a treasure trove)
 50940 | D:15     | Identified the ring "Rupsausonn" {+Fly rPois rF- Int+3 Dex+6} (You found it in a treasure trove)
 50944 | D:15     | Identified the ring of Dissent {rPois rF+ rN+ Str+4 Slay+3} (You found it in a treasure trove)
 50948 | D:15     | Identified the ring of Biteifas {Fire rN+ Str+4} (You found it in a treasure trove)
 50968 | D:15     | Gained mutation: Your spells are a little easier to cast, but a little less powerful. [mutagenic glow]
 51142 | Vaults:2 | Received a gift from Okawaru
 51791 | Vaults:2 | Received a gift from Okawaru
 52281 | Vaults:3 | Noticed Xtahua
 52298 | Vaults:3 | Killed Xtahua
 52588 | Vaults:3 | Received a gift from Okawaru
 52591 | Vaults:3 | Got a pair of slimy gloves {god gift}
 52602 | Vaults:3 | Identified the +0 pair of gloves "Rolenuamn" {*Drain rPois rF++} (Okawaru gifted it to you on level 3 of the Vaults)
 52653 | Vaults:3 | Noticed Mennas
 52695 | Vaults:3 | Killed Mennas
 52704 | Vaults:3 | Found a staircase to the Crypt.
 52937 | Vaults:3 | Noticed Mara
 52945 | Vaults:3 | Noticed Peloso's illusion
 52951 | Vaults:3 | Killed Mara
 53700 | Vaults:4 | Got a scorched crystal plate armour
 53711 | Vaults:4 | Identified the +8 crystal plate armour of Ydiam {Regen+} (You acquired it on level 4 of the Vaults)
 53820 | Vaults:2 | Reached XP level 22. HP: 206/211 MP: 23/23
 54376 | Vaults:1 | Bought a scroll of enchant armour for 142 gold pieces
 54376 | Vaults:1 | Bought a scroll of teleportation for 57 gold pieces
 54480 | Vaults:3 | Received a gift from Okawaru
 54748 | Vaults:4 | Noticed Bai Suzhen
 54762 | Vaults:4 | Killed Bai Suzhen
 54762 | Vaults:4 | Received a gift from Okawaru
 54993 | Vaults:4 | Got a pair of polished gloves
 55004 | Vaults:4 | Identified the +2 pair of gloves of the Hidden Vale {+Fly} (You acquired it on level 4 of the Vaults)
 55123 | Vaults:4 | Reached skill level 27 in Shields
 55847 | Vaults:5 | Entered Level 5 of the Vaults
 56025 | Vaults:4 | Received a gift from Okawaru
 56048 | Vaults:4 | Got a dazzling falchion {god gift}
 56051 | Vaults:4 | Identified the +8 falchion of Eternal Vigilance {freeze, rN+} (Okawaru gifted it to you on level 4 of the Vaults)
 56256 | Vaults:5 | Noticed an ancient lich
 56256 | Vaults:5 | Noticed Kloppie's ghost (adept MiFi)
 56272 | Vaults:5 | Killed an ancient lich
 56619 | Vaults:4 | Received a gift from Okawaru
 56646 | Vaults:4 | Got a pair of twisted gloves {god gift}
 56657 | Vaults:4 | Identified the +0 pair of gloves "Jibrios" {rF- rC+++ Regen+ Str-5} (Okawaru gifted it to you on level 4 of the Vaults)
 57290 | Vaults:5 | Reached XP level 23. HP: 211/223 MP: 24/24
 57439 | Vaults:5 | Killed Kloppie's ghost
 57869 | Vaults:5 | Received a gift from Okawaru
 59023 | Vaults:5 | Got a heavily runed shield
 59034 | Vaults:5 | Identified the +5 shield of Anarchy {rPois Str+2 Dex+8 Slay-5} (You found it on level 5 of the Vaults)
 59107 | Vaults:5 | Got a sparkling marble ring
 59108 | Vaults:5 | Identified the ring of Pragmatism {+Fly rC+++ rN+ Int-3} (You found it on level 5 of the Vaults)
 59256 | Vaults:5 | Received a gift from Okawaru
 59278 | Vaults:5 | Got a silver rune of Zot
 59952 | Crypt:1  | Entered Level 1 of the Crypt
 61276 | Crypt:2  | Received a gift from Okawaru
 61392 | Crypt:2  | Reached XP level 24. HP: 236/236 MP: 24/24
 61804 | Crypt:3  | Entered Level 3 of the Crypt
 61983 | Crypt:3  | Noticed a greater mummy
 61983 | Crypt:3  | Noticed a greater mummy
 62005 | Crypt:3  | Noticed a greater mummy
 62119 | Crypt:3  | Noticed Khufu
 62122 | Crypt:3  | Killed a greater mummy
 62266 | Crypt:2  | Killed a greater mummy
 62391 | Crypt:2  | Killed Khufu
 62533 | Crypt:3  | Killed a greater mummy
 62533 | Crypt:3  | Received a gift from Okawaru
 63393 | Crypt:3  | Identified Kikubaaqudgha's Volume of Darkness
 63623 | Crypt:3  | Found a staircase to the Tomb.
 64036 | Vaults:2 | Received a gift from Okawaru
 64039 | Vaults:2 | Got a smoking scimitar {god gift}
 64175 | Lair:1   | Identified the +10 scimitar of Gluttony {chaos, rF++} (Okawaru gifted it to you on level 2 of the Vaults)
 64393 | Depths:1 | Entered Level 1 of the Depths
 65024 | Depths:1 | Found a gateway to Hell.
 65083 | Depths:1 | Found Jintusy's Serpentskin Sales.
 65083 | Depths:1 | Noticed Aizul
 65093 | Depths:1 | Killed Aizul
 65245 | Depths:1 | Found a one-way gate leading to the halls of Pandemonium.
 65430 | Depths:2 | Found a gateway to a ziggurat.
 65628 | Depths:2 | Noticed Sojobo
 65646 | Depths:2 | Reached XP level 25. HP: 213/249 MP: 24/24
 65672 | Depths:2 | Killed Sojobo
 65894 | Depths:2 | Received a gift from Okawaru
 67202 | Depths:3 | Reached skill level 1 in Evocations
 67517 | Depths:3 | Paralysed by a floating eye for 3 turns
 67532 | Depths:3 | Paralysed by a floating eye for 4 turns
 67544 | Depths:3 | Paralysed by a floating eye for 4 turns
 67981 | Depths:3 | Received a gift from Okawaru
 68529 | Lair:1   | Identified a +2 pair of boots of running (You acquired it on level 3 of the Depths)
 68659 | Slime:1  | Entered Level 1 of the Pits of Slime
 69084 | Slime:2  | Gained mutation: You are dopey. (Int -2) [a shining eye]
 70058 | Slime:3  | Received a gift from Okawaru
 70061 | Slime:3  | Got a transparent plate armour {god gift}
 70064 | Slime:3  | Identified the +1 plate armour "Tovaolij" {Str+6 Stlth+} (Okawaru gifted it to you on level 3 of the Pits of Slime)
 70223 | Slime:5  | Entered Level 5 of the Pits of Slime
 70709 | Slime:5  | Gained mutation: Your body sometimes deteriorates upon taking damage. [a shining eye]
 70775 | Slime:4  | Reached skill level 27 in Long Blades
 71009 | Slime:5  | Reached XP level 26. HP: 262/264 MP: 24/24
 71048 | Slime:5  | Noticed the Royal Jelly
 71056 | Slime:5  | Killed the Royal Jelly
 71263 | Slime:5  | Got a glittering tin amulet
 71264 | Slime:5  | Identified the amulet of Lueheis {+Rage rElec} (You found it on level 5 of the Pits of Slime)
 71285 | Slime:5  | Got a slimy rune of Zot
 71292 | Slime:5  | Identified the Disquisition on Warped Calling
 71328 | Slime:5  | Gained mutation: You possess an exceptional clarity of mind. [a shining eye]
 71332 | Slime:5  | Gained mutation: You expend magic power (3 MP) to strengthen your wands. [a shining eye]
 71372 | Slime:5  | Got bloodstained ice dragon scales
 71373 | Slime:5  | Identified the +9 ice dragon scales of an ice cave {*Corrode rPois rF- rC++ rN++ Int-4} (You found it on level 5 of the Pits of Slime)
 71953 | Depths:4 | Reached skill level 27 in Fighting
 71970 | Depths:4 | Noticed a juggernaut
 71974 | Depths:4 | Received a gift from Okawaru
 71990 | Depths:4 | Killed a juggernaut
 72358 | Depths:4 | Found Goigiych's Food Boutique.
 72429 | Depths:4 | Found a one-way gate to the infinite horrors of the Abyss.
 72634 | Depths:4 | Found a large runed door.
 72634 | Depths:4 | Found a large runed door.
 72705 | Depths:4 | Gained mutation: You are weak. (Str -2) [a shining eye]
 72896 | Depths:5 | Entered Level 5 of the Depths
 73470 | Depths:5 | Found a gate to the Realm of Zot.
 73917 | Zot:1    | Entered Level 1 of the Realm of Zot
 74289 | Zot:1    | Received a gift from Okawaru
 75042 | Zot:2    | Received a gift from Okawaru
 75042 | Zot:2    | Reached XP level 27. HP: 273/273 MP: 24/24
 75196 | Zot:2    | Received a gift from Okawaru
 77407 | Zot:3    | Reached skill level 27 in Armour
 77486 | Zot:4    | Received a gift from Okawaru
 77632 | Zot:4    | Reached skill level 5 in Evocations
 77763 | Zot:4    | Got a warped long sword {god gift}
 77764 | Zot:4    | Identified the +7 long sword of the Morning {drain, rC- Int+2 SInv Stlth+} (Okawaru gifted it to you on level 4 of the Realm of Zot)
 77879 | Zot:4    | Received a gift from Okawaru
 78187 | Zot:4    | Reached skill level 5 in Invocations
 78986 | Zot:4    | Received a gift from Okawaru
 79275 | Zot:4    | Reached skill level 10 in Evocations
 79404 | Zot:5    | Entered Level 5 of the Realm of Zot
 79435 | Zot:5    | Noticed toffzen's ghost (legendary GrGl)
 79473 | Zot:5    | Noticed an ancient lich
 79487 | Zot:5    | Killed an ancient lich
 79505 | Zot:5    | Killed toffzen's ghost
 79631 | Zot:5    | Noticed an ancient lich
 79632 | Zot:5    | Received a gift from Okawaru
 79637 | Zot:5    | Killed an ancient lich
 79655 | Zot:5    | Reached skill level 5 in Stealth
 79756 | Zot:5    | Noticed an orb of fire
 79763 | Zot:5    | Gained mutation: Scrolls take you a little longer to read. [an orb of fire]
 79771 | Zot:5    | Killed an orb of fire
 79817 | Zot:5    | Noticed an ancient lich
 79822 | Zot:5    | Killed an ancient lich
 80099 | Zot:5    | Received a gift from Okawaru
 80133 | Zot:5    | Noticed an orb of fire
 80138 | Zot:5    | Gained mutation: You are very weak. (Str -4) [an orb of fire]
 80155 | Zot:5    | Noticed an orb of fire
 80158 | Zot:5    | Lost mutation: You possess an exceptional clarity of mind. [an orb of fire]
 80160 | Zot:5    | Killed an orb of fire
 80160 | Zot:5    | Reached skill level 10 in Invocations
 80172 | Zot:5    | Killed an orb of fire
 80547 | Zot:5    | Noticed an ancient lich
 80570 | Zot:5    | Killed an ancient lich
 80924 | Zot:5    | Reached skill level 15 in Evocations
 81303 | Zot:5    | Received a gift from Okawaru
 81341 | Zot:5    | Got a twisted hat {god gift}
 81352 | Zot:5    | Identified the +0 hat of Valiance {*Slow rC++ rN+ Dex+2} (Okawaru gifted it to you on level 5 of the Realm of Zot)
 82200 | Vaults:1 | Bought a scroll of teleportation for 36 gold pieces
 82200 | Vaults:1 | Bought a scroll of magic mapping for 42 gold pieces
 82200 | Vaults:1 | Bought a scroll of magic mapping for 42 gold pieces
 82200 | Vaults:1 | Bought a scroll of recharging for 114 gold pieces
 82405 | Tomb:1   | Entered Level 1 of the Tomb of the Ancients
 82807 | Tomb:1   | Noticed a greater mummy
 82821 | Tomb:1   | Killed a greater mummy
 83104 | Tomb:1   | Noticed a greater mummy
 83114 | Tomb:1   | Killed a greater mummy
 83358 | Tomb:2   | Noticed a greater mummy
 83358 | Tomb:2   | Noticed an ancient lich
 83358 | Tomb:2   | Noticed a greater mummy
 83360 | Tomb:2   | Noticed a greater mummy
 83549 | Tomb:2   | Received a gift from Okawaru
 83575 | Tomb:1   | Killed a greater mummy
 83882 | Tomb:1   | Killed a greater mummy
 83885 | Tomb:1   | Killed an ancient lich
 84076 | Tomb:1   | Killed a greater mummy
 84273 | Tomb:2   | Got an ancient hat {god gift}
 84294 | Tomb:1   | Identified the +1 hat of the Leaf {rN+ Dex+2} (Okawaru gifted it to you on level 2 of the Tomb of the Ancients)
 84722 | Tomb:2   | Got a translucent cloak
 84873 | Tomb:2   | Got a transparent cloak
 84884 | Tomb:2   | Identified the +2 cloak of the Sun {Str+4 Int+6 Stlth+} (You found it on level 2 of the Tomb of the Ancients)
 84894 | Tomb:2   | Identified the +0 cloak of Pride {rC- MP+9 Int+8 Dex-2} (You acquired it on level 2 of the Tomb of the Ancients)
 85409 | Tomb:1   | Noticed a greater mummy
 85409 | Tomb:1   | Noticed a greater mummy
 85409 | Tomb:1   | Noticed a greater mummy
 85410 | Tomb:1   | Noticed a greater mummy
 85415 | Tomb:1   | Noticed a greater mummy
 85415 | Tomb:1   | Noticed a greater mummy
 85655 | Tomb:1   | Noticed a greater mummy
 86230 | Tomb:2   | Killed a greater mummy
 86385 | Tomb:2   | Killed a greater mummy
 86540 | Tomb:2   | Killed a greater mummy
 86671 | Tomb:2   | Killed a greater mummy
 86711 | Tomb:2   | Killed a greater mummy
 86944 | Tomb:2   | Killed a greater mummy
 87240 | Tomb:2   | Killed a greater mummy
 87249 | Tomb:1   | Noticed a greater mummy
 87263 | Tomb:2   | Killed a greater mummy
 87538 | Tomb:1   | Noticed a greater mummy
 87538 | Tomb:1   | Noticed a greater mummy
 87630 | Tomb:1   | Killed a greater mummy
 87630 | Tomb:1   | Received a gift from Okawaru
 87638 | Tomb:1   | Killed a greater mummy
 87650 | Tomb:1   | Got a warped scimitar {god gift}
 87864 | Tomb:1   | Identified the +3 scimitar of the Blowfly {elec, Dex+7} (Okawaru gifted it to you on level 1 of the Tomb of the Ancients)
 87935 | Tomb:1   | Noticed a greater mummy
 87947 | Tomb:1   | Killed a greater mummy
 88084 | Tomb:1   | Noticed a greater mummy
 88090 | Tomb:1   | Noticed a greater mummy
 88091 | Tomb:1   | Killed a greater mummy
 88092 | Tomb:1   | Noticed a greater mummy
 88618 | Tomb:1   | Killed a greater mummy
 88669 | Tomb:1   | Noticed a greater mummy
 88711 | Tomb:1   | Killed a greater mummy
 88711 | Tomb:1   | Received a gift from Okawaru
 88747 | Tomb:1   | Killed a greater mummy
 88923 | Tomb:1   | Noticed a greater mummy
 88932 | Tomb:1   | Killed a greater mummy
 88932 | Tomb:1   | Received a gift from Okawaru
 89476 | Tomb:3   | Entered Level 3 of the Tomb of the Ancients
 89850 | Tomb:3   | Noticed a greater mummy
 89916 | Tomb:2   | Killed a greater mummy
 90193 | Tomb:2   | Received a gift from Okawaru
 90554 | Tomb:3   | Reached skill level 15 in Invocations
 90555 | Tomb:3   | Noticed a greater mummy
 90752 | Tomb:3   | Killed a greater mummy
 90896 | Tomb:3   | Noticed a greater mummy
 91269 | Tomb:2   | Killed a greater mummy
 91269 | Tomb:2   | Received a gift from Okawaru
 91272 | Tomb:2   | Got a jewelled ring mail {god gift}
 91439 | Tomb:3   | Noticed an ancient lich
 91492 | Tomb:3   | Killed an ancient lich
 91751 | Tomb:3   | Noticed a greater mummy
 91787 | Tomb:3   | Killed a greater mummy
 91797 | Tomb:3   | Noticed a greater mummy
 91804 | Tomb:3   | Killed a greater mummy
 92073 | Tomb:3   | Noticed a greater mummy
 92083 | Tomb:3   | Killed a greater mummy
 92409 | Tomb:3   | Got a golden rune of Zot
 92451 | Tomb:3   | Received a gift from Okawaru
 92508 | Tomb:3   | Noticed a greater mummy
 92524 | Tomb:3   | Noticed a greater mummy
 92524 | Tomb:3   | Killed a greater mummy
 92576 | Tomb:3   | Killed a greater mummy
 93167 | Tomb:3   | Identified the Volume of Captivating Talismans
 93220 | Tomb:3   | Got a steaming flail
 93221 | Tomb:3   | Identified the +8 flail of Fuduroq {freeze, rF++} (You found it on level 3 of the Tomb of the Ancients)
 93233 | Tomb:3   | Got an ancient rapier
 93234 | Tomb:3   | Identified the +10 rapier of Paur {flame, Str+4 Dex+7 Stlth+} (You found it on level 3 of the Tomb of the Ancients)
 93242 | Tomb:3   | Identified Kikubaaqudgha's Collected Works on Unholy Arts
 94345 | Lair:1   | Lost mutation: Scrolls take you a little longer to read. [potion of cure mutation]
 94345 | Lair:1   | Lost mutation: You are dopey. (Int -2) [potion of cure mutation]
 94345 | Lair:1   | Lost mutation: Your spells are a little easier to cast, but a little less powerful. [potion of cure mutation]
 94345 | Lair:1   | Lost mutation: You are very weak. (Str -4) [potion of cure mutation]
 94460 | Lair:1   | Lost mutation: Your body sometimes deteriorates upon taking damage. [potion of cure mutation]
 94460 | Lair:1   | Lost mutation: You are weak. (Str -2) [potion of cure mutation]
 94460 | Lair:1   | Lost mutation: You expend magic power (3 MP) to strengthen your wands. [potion of cure mutation]
 94460 | Lair:1   | Lost mutation: Your flesh is cold resistant. (rC+) [potion of cure mutation]
 94460 | Lair:1   | Lost mutation: You are surrounded by a mild repulsion field. (EV +2) [potion of cure mutation]
 94631 | Hell     | Entered the Vestibule of Hell
 94631 | Hell     | Noticed Geryon
 94665 | Hell     | Received a gift from Okawaru
 95014 | Hell     | Killed Geryon
 95429 | Hell     | Found a gateway to the freezing wastes of Cocytus.
 95554 | Hell     | Found a gateway to the Iron City of Dis.
 95577 | Hell     | Found a gateway to the ashen valley of Gehenna.
 95651 | Hell     | Found a gateway to the decaying netherworld of Tartarus.
 95834 | Coc:1    | Entered Level 1 of Cocytus
 96320 | Coc:1    | Received a gift from Okawaru
 97082 | Dis:1    | Entered Level 1 of the Iron City of Dis
 97130 | Tar:1    | Entered Level 1 of Tartarus
 97375 | Zig:1    | Entered Level 1 of a ziggurat
 97421 | Zig:2    | Entered Level 2 of a ziggurat
 97556 | Zig:3    | Entered Level 3 of a ziggurat
 97689 | Zig:4    | Entered Level 4 of a ziggurat
 97729 | Zig:5    | Entered Level 5 of a ziggurat
 97742 | Zig:5    | Received a gift from Okawaru
 97990 | Zig:6    | Entered Level 6 of a ziggurat
 98014 | Zig:6    | Got a faintly glowing lapis lazuli ring
 98016 | Zig:6    | Identified the ring of Darkness {rC+ Int+5 Dex-2 Stlth+} (You found it on level 6 of a ziggurat)
 98030 | Zig:6    | Reached skill level 1 in Throwing
 98030 | Zig:6    | Reached skill level 1 in Unarmed Combat
 98030 | Zig:6    | Reached skill level 1 in Spellcasting
 98095 | Zig:7    | Entered Level 7 of a ziggurat
 98220 | Zig:8    | Entered Level 8 of a ziggurat
 98308 | Zig:8    | Got a scorched falchion
 98309 | Zig:8    | Identified the +3 falchion "Moaminwa" {venom, Dex+4} (You found it on level 8 of a ziggurat)
 98368 | Zig:9    | Entered Level 9 of a ziggurat
 98384 | Zig:9    | Paralysed by a great orb of eyes for 5 turns
 98385 | Zig:9    | Gained mutation: You tend to lose your temper in combat. [a shining eye]
 98391 | Zig:9    | Gained mutation: Your magical capacity is low. (-10% MP) [a shining eye]
 98746 | Zig:9    | Got a topaz-encrusted crystal plate armour
 98758 | Zig:9    | Identified the cursed +0 crystal plate armour "Usavanih" {rC- MR++} (You found it on level 9 of a ziggurat)
 98781 | Zig:10   | Entered Level 10 of a ziggurat
 98835 | Zig:10   | Reached skill level 5 in Unarmed Combat
 98901 | Zig:10   | Got a fine brass amulet
 98902 | Zig:10   | Identified the amulet "Emio" {Inacc rN+} (You found it on level 10 of a ziggurat)
 98956 | Zig:11   | Entered Level 11 of a ziggurat
 98961 | Zig:11   | Noticed Mobo's ghost (legendary GrEE)
 98975 | Zig:11   | Killed Mobo's ghost
 99278 | Zig:11   | Identified the Compendium of Earthen Fire
 99322 | Zig:12   | Entered Level 12 of a ziggurat
 99357 | Zig:12   | Reached skill level 10 in Stealth
 99360 | Zig:12   | Received a gift from Okawaru
 99466 | Zig:12   | Got a steaming crystal amulet
 99467 | Zig:12   | Identified the amulet "Siranayn" {Gourm Str+4} (You found it on level 12 of a ziggurat)
 99481 | Zig:12   | Got a pitted jade amulet
 99482 | Zig:12   | Identified the amulet of Awohaxti {Faith Int+2} (You found it on level 12 of a ziggurat)
 99624 | Zig:13   | Entered Level 13 of a ziggurat
 99686 | Zig:13   | Gained mutation: Armour fits poorly on your strangely shaped body. [a cacodemon]
 99698 | Zig:13   | Noticed Cathecho the pandemonium lord
 99709 | Zig:13   | Killed Cathecho the pandemonium lord
 99715 | Zig:13   | Reached skill level 10 in Unarmed Combat
100132 | Zig:13   | Identified the Compendium of the Escort and the Oath
100167 | Zig:14   | Entered Level 14 of a ziggurat
100256 | Zig:14   | Received a gift from Okawaru
100497 | Zig:15   | Entered Level 15 of a ziggurat
100617 | Zig:15   | Got a slimy scimitar
100659 | Zig:15   | Identified the +6 scimitar of Azumnefa {slice, rN+} (You found it on level 15 of a ziggurat)
100773 | Zig:16   | Entered Level 16 of a ziggurat
100789 | Zig:16   | Noticed a juggernaut
100789 | Zig:16   | Noticed a juggernaut
100799 | Zig:16   | Noticed a juggernaut
100806 | Zig:16   | Killed a juggernaut
100812 | Zig:16   | Killed a juggernaut
100840 | Zig:16   | Killed a juggernaut
101292 | Zig:16   | Lost mutation: Your magical capacity is low. (-10% MP) [potion of cure mutation]
101292 | Zig:16   | Lost mutation: You tend to lose your temper in combat. [potion of cure mutation]
101292 | Zig:16   | Lost mutation: Armour fits poorly on your strangely shaped body. [potion of cure mutation]
101313 | Zig:16   | Got a vibrating silver ring
101316 | Zig:16   | Identified the ring of Bulifavom {+Fly Dex+3} (You found it on level 16 of a ziggurat)
101333 | Zig:17   | Entered Level 17 of a ziggurat
101385 | Zig:17   | Noticed Luc Rig the pandemonium lord
101385 | Zig:17   | HP: 8/273 [balrug/divine providence[a shadow demon] (12)]
101391 | Zig:17   | HP: 9/273 [??? (5)]
101396 | Zig:17   | HP: 8/273 [infernal warmonger/vampiric demon blade (8)]
101398 | Zig:17   | Blown up by Luc Rig the pandemonium lord

Skill      XL: |  1  2  3  4  5  6  7  8  9 10 11 12 13 14 15 16 17 18 19 20 21 22 23 24 25 26 27 |
---------------+----------------------------------------------------------------------------------+-----
Fighting       | 4 5 6 7 8 10 11 12 13 14 15 16 17 18 19 20 22 23 25 26 27 | 27.0
Armour         | 4 5 6 7 8 9 10 12 13 14 15 16 17 18 19 20 21 25 27 | 27.0
Shields        | 4 5 6 8 9 10 12 13 16 17 19 20 22 23 24 25 26 27 | 27.0
Long Blades    | 3 4 5 6 8 10 12 13 14 15 16 17 18 19 20 21 22 24 25 27 | 27.0
Dodging        | 1 2 3 4 5 6 7 8 |  8.2
Invocations    | 1 2 3 21 | 21.4
Axes           | 2 3 |  3.4
Stealth        | 1 2 10 | 10.8
Evocations     | 1 21 | 21.7
Throwing       | 3 |  3.1
Unarmed Combat | 13 | 13.3
Spellcasting   | 2 |  2.1

Action                   |  1- 3 |  4- 6 |  7- 9 | 10-12 | 13-15 | 16-18 | 19-21 | 22-24 | 25-27 || total
-------------------------+-------+-------+-------+-------+-------+-------+-------+-------+-------++-------
Melee: Long sword        |   115 |   155 |   481 |    62 |   433 |       |       |       |   258 ||  1504
       Headbutt          |     9 |    36 |   109 |   240 |   572 |   539 |   766 |   603 |  1643 ||  4517
       Scimitar          |       |       |       |   454 |   171 |       |    55 |    20 |       ||   700
       Hand axe          |       |       |       |    39 |    17 |       |       |       |       ||    56
       Falchion          |       |       |       |   353 |   424 |       |       |       |       ||   777
       Unarmed           |       |       |       |       |     2 |       |       |       |    92 ||    94
       Demon blade       |       |       |       |       |   530 |  1418 |  1761 |   780 |       ||  4489
       Double sword      |       |       |       |       |       |       |    98 |   725 |  3678 ||  4501
Invok: Heroism           |       |       |     2 |     7 |    11 |    10 |     2 |       |    29 ||    61
       Finesse           |       |       |       |       |       |       |       |       |     9 ||     9
Evoke: Wand              |       |       |     1 |     4 |       |       |     1 |       |    31 ||    37
       Figurine of a zig |       |       |       |       |       |       |       |       |     1 ||     1
  Use: Scroll            |       |       |       |    22 |    12 |    16 |    16 |    17 |    51 ||   134
       Potion            |       |       |       |     5 |     6 |     1 |     2 |       |    25 ||    39
 Stab: Distracted        |       |       |       |       |       |     1 |       |       |     1 ||     2
       Confused          |       |       |       |       |       |       |       |       |     1 ||     1
  Eat: Chunk             |     1 |     7 |    13 |    22 |    34 |    32 |    30 |    29 |    68 ||   236
       Beef jerky        |       |       |       |     2 |     2 |       |     1 |       |     4 ||     9
       Royal jelly       |       |       |       |       |     1 |       |       |       |     1 ||     2
       Pizza             |       |       |       |       |       |     2 |       |       |    10 ||    12
       Fruit             |       |       |       |       |       |    13 |    14 |    11 |    25 ||    63
       Meat ration       |       |       |       |       |       |       |       |       |     5 ||     5
Armor: Scale mail        |    48 |       |       |       |       |       |       |       |       ||    48
       Chain mail        |    10 |    56 |       |       |       |       |   161 |       |       ||   227
       Plate armour      |       |     7 |   217 |   364 |   520 |   367 |   347 |       |       ||  1822
       Crystal plate arm |       |       |       |       |       |       |     1 |   640 |  1592 ||  2233
       Gold dragon scale |       |       |       |       |       |       |       |       |   196 ||   196
Dodge: Dodged            |    30 |    41 |    80 |   189 |   348 |   252 |   477 |   427 |  1459 ||  3303
Block: Shield            |    66 |    83 |   281 |   519 |   536 |       |   297 |   799 |       ||  2581
       Large shield      |       |       |       |       |   783 |  1392 |  1775 |   909 |  5923 || 10782
       Reflection        |       |       |       |       |       |       |    28 |    66 |       ||    94
       Rpst.: Long sword |     8 |    13 |    19 |     3 |    23 |       |       |       |    22 ||    88
       Scimitar          |       |       |       |    28 |     5 |       |     4 |     2 |       ||    39
       Falchion          |       |       |       |    21 |    15 |       |       |       |       ||    36
       Demon blade       |       |       |       |       |    17 |    44 |    64 |    57 |       ||   182
       Double sword      |       |       |       |       |       |       |     1 |    15 |   221 ||   237
